 Dungeon Crawl Stone Soup version 0.29-a0-521-g59ce8b2d47 (webtiles) character file.

Game seed: 15443619956827930547

11 Morbidden the Skirmisher (level 2, 6/24 HPs)
             Began as a Demonspawn Fighter on June 1, 2022.
             Quit the game on level 1 of the Dungeon.
             The game lasted 00:00:21 (366 turns).

Morbidden the Skirmisher (Demonspawn Fighter)        Turns: 366, Time: 00:00:22

Health: 6/24       AC:  6    Str: 16    XL:     2   Next: 17%
Magic:  2/2        EV:  8    Int:  9    God:
Gold:   29         SH:  4    Dex: 12    Spells: 1/1 levels left

rFire   . . .      SeeInvis .   a - +0 war axe
rCold   . . .      Faith    .   c - +0 buckler
rNeg    . . .      Spirit   .   b - +0 scale mail
rPois   .          Reflect  .   (no helmet)
rElec   .          Harm     .   (no cloak)
rCorr   .          Rampage  .   (no gloves)
Will    .....                   (no boots)
Stlth   ..........              (no amulet)
HPRegen 0.08/turn               (no ring)
MPRegen 0.08/turn               (no ring)

@: no status effects
A: claws 1
a: no special abilities


You were on level 1 of the Dungeon.
You visited 1 branch of the dungeon, and saw 1 of its levels.

You collected 29 gold pieces.

Inventory:

Hand Weapons
 a - a +0 war axe (weapon)
Armour
 b - a +0 scale mail (worn)
 c - a +0 buckler (worn)
Potions
 d - a potion of might


   Skills:
 * Level 3.2 Fighting
 * Level 1.9 Axes
 + Level 2.7 Armour
 * Level 0.2 Dodging
 + Level 2.8 Shields
 * Level 0.2 Spellcasting


You had one spell level left.
You didn't know any spells.
Your spell library was empty.

Dungeon Overview and Level Annotations

Branches:
Dungeon (1/15)

Altars:


Innate Abilities, Weirdness & Mutations

You have sharp fingernails.


Message History

You slash the endoplasm!
You kill the endoplasm!
Unknown command.
The kobold throws a stone.
The stone hits you but does no damage.
There are monsters nearby!
The kobold hits you with a +0 dagger. The dart slug launches a dart at you.
You block the slug dart.
There are monsters nearby!
You hit the dart slug.
The dart slug is moderately wounded.
You barely miss the kobold. You block the kobold's attack.
The dart slug bites you.
There are monsters nearby!
You slash the dart slug!
You kill the dart slug!
You miss the kobold.
The kobold hits you with a +0 dagger. x2
* * * LOW HITPOINT WARNING * * *
You have reached level 2!
Your demonic ancestry asserts itself...
Your fingernails lengthen.
You are too injured to fight recklessly!
A kobold is nearby!
Unknown command.
You are too injured to fight recklessly!
A kobold is nearby!
You are too injured to fight recklessly!
Unknown command.
A kobold is nearby!
You are too injured to fight recklessly!
Unknown command.
You are too injured to fight recklessly!
Unknown command.
Unknown command.
You slash the kobold!
You kill the kobold!
Things that are here:
a +0 dagger; 4 stones; a kobold corpse
Okay, then.
Are you sure you want to abandon this character and quit the game? (Confirm with "yes".)

.#####.##.......#.###.#
.......##.............#
.#..##..'.............#.
.#..##.##..........!....
.#.....#................
.#..†..#+####'#.)......#
##..#..................#
.#..#.................##
.#..##.........†@.....#
.....#..............###
...#...####+###...>.#
.#.#. .# #.....# ...#
#.....# ...+ #.....# .#
#.....# .# #.....#


There were no monsters in sight!

Vanquished Creatures
  A dart slug (D:1)
  An endoplasm (D:1)
  A giant cockroach (D:1)
  A ball python (D:1)
  3 kobolds (D:1)
  3 rats (D:1)
10 creatures vanquished.

Notes
Turn   | Place    | Note
-------+----------+-------------------------------------------
     0 | D:1      | Morbidden the Demonspawn Fighter began the quest for the
                  | Orb.
     0 | D:1      | Reached XP level 1. HP: 18/18 MP: 1/1
   364 | D:1      | Gained mutation: You have sharp fingernails. [demonic
                  | ancestry]
   364 | D:1      | Reached XP level 2. HP: 5/24 MP: 2/2
   366 | D:1      | Quit the game

Illustrated notes

Levels and vault maps discovered:
D:1:      tarquinn_simple_flora_water_f, layout_basic, serial_shops, shop, shop

Action                   || total
-------------------------++-------
Melee: War axe           ||    23
Armor: Scale mail        ||     9
Dodge: Dodged            ||     8
Block: Buckler           ||     8

Table legend: (Time is in decaauts)
 A = Elapsed time spent in this place.
 B = Non-inter-level travel time spent in this place.
 C = Inter-level travel time spent in this place.
 D = Time resting spent in this place.
 E = Time spent auto-exploring this place.
 F = Levels seen in this place.
 G = Mean time per level.
                   A        B        C        D        E       F      G
               +--------+--------+--------+--------+--------+-----+--------+
         Total |    376 |    376 |      0 |    152 |    161 |   1 |  376.0 |
       Dungeon |    376 |    376 |      0 |    152 |    161 |   1 |  376.0 |
               +--------+--------+--------+--------+--------+-----+--------+

Top non-repeatable levels by time:
     D:1: 376 daAuts
